 Dungeon Crawl Stone Soup version 0.25-a0-667-gb977e01cb5 (webtiles) character file.

Game seed: 168197037883787156, levelgen mode: deterministic

669 kae the Conjurer (level 7, -9/36 HPs)
             Began as a Tengu Air Elementalist on Mar 27, 2020.
             Killed from afar by Dowan (25 damage)
             ... with a shard of ice
             ... on level 4 of the Dungeon.
             The game lasted 00:04:37 (5034 turns).

kae the Conjurer (Tengu Air Elementalist)           Turns: 5034, Time: 00:04:37

Health: -9/36      AC:  2    Str:  9    XL:     7   Next: 58%
Magic:  8/14       EV: 15    Int: 17    God:
Gold:   328        SH:  0    Dex: 14    Spells: 1/14 levels left

rFire    . . .     SeeInvis .   j - +1 dagger (venom)
rCold    . . .     Gourm    .   (no shield)
rNeg     . . .     Faith    .   a - +0 robe
rPois    .         Spirit   .   (helmet restricted)
rElec    .         Reflect  .   (no cloak)
rCorr    .         Harm     .   (no gloves)
MR       .....                  (boots unavailable)
Stlth    +.........             (no amulet)
HPRegen  0.12/turn              (no ring)
MPRegen  0.14/turn              (no ring)

@: lethally poisoned (-9 -> -12), flying quickly and evasively, glowing, quick
A: beak, talons 3, able to fly
a: Stop Flying


You were on level 4 of the Dungeon.
You were hungry.

You visited 1 branch of the dungeon, and saw 4 of its levels.

You collected 328 gold pieces.

Inventory:

Hand Weapons
 h - a +0 whip
 j - a +1 dagger of venom (weapon)
Armour
 a - a +0 robe (worn)
Jewellery
 o - an uncursed ring of positive energy {unknown}
Scrolls
 b - 2 scrolls of teleportation
 g - 7 scrolls of identify
 k - 2 scrolls of remove curse
Potions
 d - 2 potions of heal wounds
 f - a potion of brilliance
 i - a potion of lignification {unknown}
 m - a potion of magic {unknown}
 n - a potion of berserk rage {unknown}
Comestibles
 c - 8 rations
 l - a chunk of flesh


   Skills:
 - Level 2.1 Dodging
 - Level 2.0 Stealth
 + Level 4.1 Spellcasting
 * Level 7.5 Conjurations
 + Level 6.5 Air Magic


You had one spell level left.
You knew the following spells:

 Your Spells              Type           Power        Failure   Level  Hunger
a - Shock                 Conj/Air       ####         1%          1    None
b - Static Discharge      Conj/Air       ####....     2%          3    ###....
c - Airstrike             Air            ####......   11%         4    ####...
d - Lightning Bolt        Conj/Air       ####......   24%         5    ######.

Your spell library contained the following spells:

 Spells                   Type           Power        Failure   Level  Hunger
 Swiftness                Chrm/Air       ##......     6%          2    ##.....


Dungeon Overview and Level Annotations

Branches:
Dungeon (4/15)
 Temple: D:4-7

Altars:
Dithmenos
Nemelex Xobeh
Beogh

Annotations:
D:3 1 runed translucent door, Crazy Yiuf
D:4 Dowan


Innate Abilities, Weirdness & Mutations

You have a beak for a mouth.
You have claws for feet.
You can fly continuously.


Message History

Dowan is severely wounded.
You feel sick. Dowan closely misses you.
Dowan says, "How can I live without her?"
Dowan hits you with a +3 dagger of venom.
* * * LOW HITPOINT WARNING * * *
You are lethally poisoned!
You feel better. Dowan hits you but does no damage.
You are poisoned.
Casting: Shock (safe; 1% risk of failure)
Confirm with . or Enter, or press ? or * to list all spells.
Aiming: Shock (safe; 1% risk of failure)
Press: ? - help, Shift-Dir - straight line, f/p - Dowan
Aim: Dowan, wielding a +3 dagger of venom and wearing a +0 robe (severely wounded, fast)
The zap hits Dowan.
Dowan is almost dead.
You feel sick. Dowan barely misses you. Dowan gestures at you while chanting.
The shard of ice hits you!!
Ouch! That really hurt!
You die...

..$ ... ###### ###.# ..#
#........... ..# #......
...# #.. ###...... ... #.#
........# #.# #.#
........# #.###.#
........####...#.#########
........e@................
........######.####.######
..%.....# #.# #..#
######### #.# ##.# #.#
#.## #.# #..# #+# ##.##
#..# ####.###


You could see Dowan.

Vanquished Creatures
  Duvessa (D:4)
  2 scorpions
  A jelly (D:2)
  6 orc priests
  An orc wizard (D:2)
  4 gnolls (D:2)
  A howler monkey skeleton (D:4)
  7 adders
  An ooze (D:2)
  4 worms
  2 dart slugs (D:1)
  4 leopard geckos
  20 orcs
  10 bats
  3 giant cockroaches
  10 goblins
  6 hobgoblins
  A jackal (D:4)
  3 frilled lizards
  4 kobolds
  A leopard gecko skeleton (D:3)
  6 rats
98 creatures vanquished.

Notes
Turn   | Place    | Note
-------+----------+-------------------------------------------
     0 | D:1      | kae the Tengu Air Elementalist began the quest for the Orb.
     0 | D:1      | Reached XP level 1. HP: 10/10 MP: 4/4
    22 | D:1      | Reached skill level 2 in Conjurations
   147 | D:1      | Reached XP level 2. HP: 14/15 MP: 3/6
   540 | D:1      | Reached XP level 3. HP: 17/19 MP: 0/7
   608 | D:1      | Learned a level 3 spell: Static Discharge
   754 | D:1      | Reached skill level 3 in Conjurations
  1553 | D:2      | Found a shadowy altar of Dithmenos.
  1759 | D:2      | Reached XP level 4. HP: 18/24 MP: 4/8
  1769 | D:2      | Reached skill level 4 in Conjurations
  2019 | D:2      | Reached skill level 5 in Air Magic
  2039 | D:2      | Gained mutation: You can fly continuously. [Tengu growth]
  2039 | D:2      | Reached XP level 5. HP: 23/28 MP: 2/10
  2991 | D:2      | Reached skill level 5 in Conjurations
  3432 | D:2      | Reached XP level 6. HP: 9/32 MP: 0/11
  3672 | D:3      | Found a sparkling altar of Nemelex Xobeh.
  3912 | D:3      | Reached skill level 6 in Conjurations
  4329 | D:3      | Found a runed translucent door.
  4330 | D:3      | Noticed Crazy Yiuf
  4451 | D:3      | Found a roughly hewn altar of Beogh.
  4466 | D:3      | Reached XP level 7. HP: 25/36 MP: 7/13
  4748 | D:3      | Learned a level 4 spell: Airstrike
  4754 | D:3      | Learned a level 5 spell: Lightning Bolt
  4883 | D:4      | Reached skill level 7 in Conjurations
  5012 | D:4      | Noticed Dowan
  5016 | D:4      | Noticed Duvessa
  5025 | D:4      | Killed Duvessa
  5034 | D:4      | Killed from afar by Dowan

Levels and vault maps discovered:
D:1:      dpeg_arrival_boxes_within_box, layout_rooms
D:2:      layout_loops_ring, lemuel_doored_altar, serial_forest,
          infiniplex_forest_lined_corner, infiniplex_forest_pool,
          infiniplex_forest_zigzag_1, infiniplex_forest_pool,
          infiniplex_forest_corner_1
D:3:      cheibrodos_pilgrimage, layout_basic,
          nemelex_xobeh_ov_fountains_minmay, kennysheep_orc_chapel,
          uniq_crazy_yiuf_cottage
D:4:      layout_basic, cheibrodos_sewer_entry_bend, minmay_cut_off,
          uniq_duvessa, uniq_robin, uniq_edmund

Skill      XL: |  1  2  3  4  5  6  7 |
---------------+----------------------+-----
Conjurations   | 2 3 4 5 6 7 |  7.5
Air Magic      | 5 6 |  6.5
Spellcasting   | 3 4 |  4.1
Dodging        | |  2.1
Stealth        | |  2.0

Action                   |  1- 3 |  4- 6 |  7- 9 || total
-------------------------+-------+-------+-------++-------
Melee: Unarmed           |    37 |       |       ||    37
       Kick              |    16 |     6 |     5 ||    27
       Peck              |     4 |     9 |       ||    13
       Whip              |     9 |       |       ||     9
       Dagger            |       |    39 |    11 ||    50
 Cast: Shock             |    68 |   123 |    26 ||   217
 Abil: Fly               |       |     1 |       ||     1
  Use: Scroll            |     2 |     1 |     2 ||     5
       Potion            |     2 |       |     3 ||     5
 Stab: Sleeping          |     1 |     1 |     1 ||     3
  Eat: Chunk             |     3 |     8 |     2 ||    13
Armor: Robe              |    13 |     6 |       ||    19
Dodge: Dodged            |    44 |    48 |    11 ||   103

Table legend:
 A = Non-vault XP
 B = Vault XP
 C = Vault XP percentage of total XP
 D = Non-vault monster count
 E = Vault monster count
 F = Vault count percentage of total count
                 A         B        C        D         E       F
            +---------+---------+-------+---------+---------+-------
      Total |     699 |     257 |  26.9 |      86 |      12 |  12.2
            +---------+---------+-------+---------+---------+-------
        D:1 |      54 |       0 |   0.0 |      29 |       0 |   0.0
        D:2 |     277 |       0 |   0.0 |      28 |       0 |   0.0
        D:3 |     214 |     107 |  33.3 |      20 |       9 |  31.0
        D:4 |     154 |     150 |  49.3 |       9 |       3 |  25.0
            +---------+---------+-------+---------+---------+-------
